 Dungeon Crawl Stone Soup version 0.30-a0-743-gbfdf073431 (webtiles) character file.

Game seed: 8786032352511691171

19753 ragingrage the Marksant (level 13, 0/93 HPs)
             Began as a Formicid Hunter on Feb 5, 2023.
             Was an Elder of Nemelex Xobeh.
             Killed from afar by an ice statue (15 damage)
             ... with a shard of ice
             ... in an ice cave.
             The game lasted 00:24:08 (16667 turns).

ragingrage the Marksant (Formicid Hunter)          Turns: 16667, Time: 00:24:08

Health: 0/93       AC: 11    Str: 18    XL:     13   Next: 7%
Magic:  19/19      EV: 11    Int:  8    God:    Nemelex Xobeh [****..]
Gold:   1030       SH:  9    Dex: 27    Spells: 12/12 levels left

rFire   x . .      SeeInvis +    E - +4 shortbow of Exquisite Death {flame, rElec}
rCold   + + .      Faith    .    N - +2 buckler
rNeg    . . .      Spirit   .    g - +2 ring mail {rC+}
rPois   .          Reflect  .    (helmet unavailable)
rElec   +          Harm     .    (no cloak)
rCorr   .          Rampage  .    (no gloves)
Will    +....                    e - +2 pair of boots
Stlth   ++++                     d - amulet of the acrobat
HPRegen 0.35/turn                C - ring of ice
MPRegen 0.16/turn                y - +6 ring of dexterity

@: no status effects
A: permanent stasis, dig shafts and tunnels, antennae 3, four strong arms
a: Dig, Renounce Religion, Draw Escape, Draw Destruction, Draw Summoning, Draw
Stack, Triple Draw, Deal Four


You were in an ice cave.
You worshipped Nemelex Xobeh.
Nemelex Xobeh was greatly pleased with you.
You visited 3 branches of the dungeon, and saw 14 of its levels.
You also visited: Ice Cave.

You collected 1126 gold pieces.
You spent 96 gold pieces at shops.

Inventory:

Hand Weapons
 a - a +0 shortbow of flaming
 E - the +4 shortbow of Exquisite Death (weapon) {flame, rElec}
   (You took it off a skeletal warrior on level 10 of the Dungeon)

   rElec:     It insulates you from electricity.
 J - a +1 short sword of draining
 P - a +3 demon trident of pain
Missiles
 j - 3 throwing nets
 u - 23 poisoned darts
 R - a curare-tipped dart
Armour
 e - a +2 pair of boots (worn)
 g - a +2 ring mail of cold resistance (worn)
 t - a +1 scale mail of cold resistance
 N - a +2 buckler (worn)
 S - a +4 ring mail of fire resistance
Jewellery
 d - an amulet of the acrobat (around neck)
 f - a +5 ring of evasion
 s - a ring of positive energy
 y - a +6 ring of dexterity (right hand)
 C - a ring of ice (left hand)
 I - a +6 ring of strength
Wands
 r - a wand of roots (7)
 v - a wand of digging (8)
 B - a wand of paralysis (6)
 D - a wand of polymorph (3)
 G - a wand of flame (9)
 Q - a wand of acid (9)
Scrolls
 b - 2 scrolls of immolation
 c - a scroll of silence
 h - a scroll of amnesia
 m - 2 scrolls of vulnerability
 q - 3 scrolls of enchant weapon
 w - 2 scrolls of fog
 x - 2 scrolls of magic mapping
 A - a scroll of enchant armour
 K - a scroll of brand weapon
 L - 2 scrolls of fear
Potions
 i - 2 potions of invisibility
 k - 3 potions of heal wounds
 n - 6 potions of flight
 o - 3 potions of brilliance
 p - a potion of might
 z - a potion of lignification
 F - 3 potions of curing
 H - a potion of mutation
 M - 2 potions of magic
 O - a potion of ambrosia
Miscellaneous
 l - a lightning rod (4/4)


   Skills:
 + Level 5.8 Fighting
 - Level 16.0 Ranged Weapons
 - Level 5.0 Armour
 - Level 1.7 Dodging
 - Level 8.0 Stealth
 + Level 6.3 Shields
 - Level 9.0 Invocations
 - Level 5.0 Evocations


You had 12 spell levels left.
You didn't know any spells.
Your spell library contained the following spells:

 Spells                   Type           Power      Damage    Failure   Level
 Ensorcelled Hibernation  Hex/Ice        0%         N/A       80%         2
 Passwall                 Tmut/Erth      0%         N/A       80%         2
 Hailstorm                Conj/Ice       0%         3d3       95%         3
 Kindle Blastsparks       Fire/Tloc/Air  0%         2d10      95%         3
 Spider Form              Tmut/Pois      0%         N/A       95%         3
 Anguish                  Hex/Necr       0%         N/A       100%        4
 Animate Dead             Necr           0%         N/A       100%        4
 Fulminant Prism          Conj/Hex       0%         3d5       100%        4
 Ice Form                 Ice/Tmut       0%         N/A       100%        4
 Iskenderun's Mystic Bla  Conj/Tloc      0%         2d3       100%        4
 Borgnjor's Vile Clutch   Necr/Erth      0%         N/A       100%        5
 Lee's Rapid Deconstruct  Erth           0%         3d4*      100%        5
 Death Channel            Necr           0%         N/A       100%        6
 Simulacrum               Ice/Necr       0%         N/A       100%        6
 Swiftness                Air            Unusable   N/A       N/A         3

Dungeon Overview and Level Annotations

Branches:
Dungeon (11/15)            Temple (1/1) D:5            Lair (2/5) D:9
  IceCv (1/1)
  Swamp: Lair:2-3    Shoals: Lair:2-3     Snake: Lair:2-3    Spider: Lair:2-3
    Orc: D:9-12

Altars:
Ashenzari
Dithmenos
Gozag
Hepliaklqana
Makhleb
Nemelex Xobeh
Okawaru
Sif Muna
Wu Jian
Xom
The Shining One

Shops:
D:7 *   D:8 ![?*(

Annotations:
IceCv 1 transporter, exclusion: ice statue


Innate Abilities, Weirdness & Mutations

You cannot be hasted, slowed, berserked, paralysed or teleported.
You can dig through walls and to a lower floor.
You have a pair of large antennae on your head. (SInv)
Your four strong arms can wield two-handed weapons with a shield.


Message History

Aim: an ice statue (lightly damaged, ally target, 95% to hit)
You shoot an arrow. The arrow hits the ice statue.
The arrow melts the ice statue.
The ice statue is lightly damaged.
The ice beast hits your catoblepas but does no damage.
Your polar bear closely misses the ice beast.
Your polar bear claws the ice beast but does no damage.
Your polar bear completely misses the ice beast.
Your catoblepas is engulfed in freezing vapours.
Your catoblepas breathes a plume of calcifying dust at the ice beast.
The blast of calcifying dust hits the ice beast.
The ice beast hits your polar bear. The ice beast freezes your polar bear.
Your polar bear resists.
Fire: E) +4 shortbow of Exquisite Death {flame, rElec}
Press: ? - help, Q - select action, (/) - cycle Shift-Dir - straight line, f/p - ice statue
Aim: an ice statue (lightly damaged, 95% to hit)
You shoot an arrow. The arrow hits the ice statue!!
The arrow melts the ice statue.
The ice statue is moderately damaged.
Your polar bear closely misses the ice beast.
Your polar bear misses the ice beast.
Your polar bear barely misses the ice beast.
The ice beast is engulfed in calcifying dust.
The ice beast is moving more slowly.
The ice beast hits your catoblepas but does no damage.
The ice beast hits your polar bear but does no damage.
Your catoblepas gores the ice beast!
Fire: E) +4 shortbow of Exquisite Death {flame, rElec}
Press: ? - help, Q - select action, (/) - cycle Shift-Dir - straight line, f/p - ice statue
Aim: an ice statue (moderately damaged, 95% to hit)
You shoot an arrow. The arrow hits the ice statue.
The arrow melts the ice statue.
The ice statue is heavily damaged.
Your polar bear bites the ice beast!!
The ice beast dies!
The ice beast disappears in a puff of smoke!
The ice statue gestures at you. The shard of ice hits you!
You partially resist.
You die...
Your body glows with a rainbow of weird colours and disappears.

###############
#©§.8§)/:....∩#
#..Y..h[).....#
#8.Y.......8#
#8..@....8#
##8..©..8##
###########
##...8©8...##
#...[.©.....#
##.....)(....##
#.............#
#....8...8....#
#.............#


You could see an ice statue, an ice beast (summoned, petrifying, ally target), a
friendly catoblepas (summoned) and a friendly polar bear (summoned, berserk).

Vanquished Creatures
  A fire dragon (D:11)
  An ogre mage (D:10)
  A tengu warrior (D:11)
  2 two-headed ogres
  An ugly thing (IceCv)
  A cyclops (D:11)
  Joseph (D:7)
  A black mamba (Lair:1)
  An ice statue (IceCv)
  2 cane toads (Lair:1)
  2 komodo dragons
  2 kobold demonologists
  2 freezing wraiths
  A troll (D:10)
  A meliai (D:10)
  3 polar bears
  A hornet (D:11)
  Prince Ribbit (D:7)
  Sigmund (D:3)
  A wraith (D:9)
  A shadow (D:11)
  Eustachio (D:3)
  2 wyverns (D:9)
  4 humans
  A redback (D:11)
  3 steam dragons
  7 yaks
  11 vampire mosquitoes
  A death yak simulacrum (IceCv)
  Menkaure (D:6)
  An acid dragon (D:9)
  Duvessa (D:7)
  8 water moccasins
  2 orc warriors (D:9)
  An ice beast (D:6)
  A black bear (D:4)
  6 centaurs
  4 wolves (Lair:1)
  2 ogres
  3 kobold brigands
  3 phantoms
  6 bullfrogs
  4 gnoll sergeants
  A necrophage (D:7)
  2 cane toad simulacra (IceCv)
  2 scorpions
  Dowan (D:7)
  11 wights
  9 killer bees
  2 electric eels (D:11)
  2 howler monkeys
  6 orc priests
  4 jellies
  4 hounds
  3 iguanas
  Ijyb (D:3)
  Terence (D:2)
  8 orc wizards
  A polar bear simulacrum (IceCv)
  24 gnolls
  7 adders
  A shadow imp (D:6)
  A white imp (D:5)
  2 ufetubi (D:5)
  A dart slug (D:3)
  34 orcs
  6 ball pythons
  10 endoplasms
  6 giant cockroaches
  6 goblins
  4 hobgoblins
  10 jackals
  19 kobolds
  5 quokkas
  4 bats
  4 frilled lizards
  6 rats
309 creatures vanquished.

Vanquished Creatures (collateral kills)
  An ogre mage (D:10)
  A skeletal warrior (D:10)
2 creatures vanquished.

Vanquished Creatures (others)
  A fungus (Lair:1)
  A plant (Lair:2)
2 creatures vanquished.

Grand Total: 313 creatures vanquished

Notes
Turn   | Place    | Note
-------+----------+-------------------------------------------
     0 | D:1      | ragingrage the Formicid Hunter began the quest for the Orb.
     0 | D:1      | Reached XP level 1. HP: 16/16 MP: 1/1
   107 | D:1      | Reached XP level 2. HP: 22/22 MP: 2/2
   386 | D:1      | Reached XP level 3. HP: 27/27 MP: 3/3
   394 | D:1      | Found a faded altar of an unknown god.
   601 | D:1      | Prayed at the altar of an unknown god.
   601 | D:1      | Became a worshipper of Sif Muna the Loreminder
   601 | D:1      | Reached * piety under Sif Muna
   647 | D:1      | Reached skill level 5 in Ranged Weapons
   940 | D:1      | Fell from the grace of Sif Muna
  1016 | D:2      | Reached XP level 4. HP: 30/33 MP: 4/4
  1569 | D:2      | Noticed Terence
  1582 | D:2      | Killed Terence
  1679 | D:2      | Reached skill level 6 in Ranged Weapons
  1679 | D:2      | Reached XP level 5. HP: 37/38 MP: 5/5
  2080 | D:3      | Noticed Sigmund
  2088 | D:3      | Killed Sigmund
  2089 | D:3      | Reached skill level 7 in Ranged Weapons
  2089 | D:3      | Reached XP level 6. HP: 42/44 MP: 6/6
  2165 | D:3      | Reached XP level 7. HP: 46/50 MP: 7/7
  2298 | D:3      | Noticed Ijyb
  2305 | D:3      | Killed Ijyb
  2306 | D:3      | Reached skill level 8 in Ranged Weapons
  2575 | D:3      | Found a sparkling altar of Nemelex Xobeh.
  2713 | D:3      | Became a worshipper of Nemelex Xobeh the Trickster
  3060 | D:4      | Noticed Eustachio
  3122 | D:3      | Killed Eustachio
  3304 | D:4      | Reached skill level 9 in Ranged Weapons
  3337 | D:4      | Reached XP level 8. HP: 56/56 MP: 8/8
  3563 | D:4      | Reached skill level 10 in Ranged Weapons
  3786 | D:5      | Entered Level 5 of the Dungeon
  4590 | D:5      | Reached skill level 11 in Ranged Weapons
  4662 | D:5      | Reached * piety under Nemelex Xobeh
  4939 | D:5      | Received a gift from Nemelex Xobeh
  5103 | D:6      | Reached XP level 9. HP: 61/61 MP: 9/9
  5127 | D:6      | Reached skill level 1 in Invocations
  5251 | D:6      | Identified the +4 rapier of the Stopping Eel {pain, rElec
                  | Will+}
  5264 | D:6      | Noticed Menkaure
  5272 | D:6      | Killed Menkaure
  5373 | D:6      | Was forgiven by Sif Muna
  5492 | D:6      | Reached ** piety under Nemelex Xobeh
  6062 | D:7      | Reached skill level 12 in Ranged Weapons
  6062 | D:7      | Reached skill level 5 in Invocations
  6432 | D:7      | Noticed Prince Ribbit
  6480 | D:7      | Received a gift from Nemelex Xobeh
  6483 | D:7      | Noticed Duvessa
  6483 | D:7      | Noticed Dowan
  6559 | D:7      | Found Jurghid's General Store.
  6674 | D:7      | Bought a potion of invisibility for 96 gold pieces
  6777 | D:8      | Reached XP level 10. HP: 59/67 MP: 13/13
  7008 | D:8      | Found Bidiger's Distillery.
  7032 | D:8      | Reached skill level 13 in Ranged Weapons
  7240 | D:8      | Found Cotum's General Store.
  7288 | D:7      | Noticed Joseph
  7527 | D:8      | Noticed a two-headed ogre
  7538 | D:8      | Killed a two-headed ogre
  7539 | D:8      | Reached skill level 14 in Ranged Weapons
  7587 | D:8      | Found Ypnanavu's Antique Armour Shop.
  7612 | D:8      | Found Ride's Magic Scroll Shop.
  7700 | D:8      | Found Kayff's Weapon Shoppe.
  7869 | D:9      | Found a staircase to the Lair.
  8179 | D:9      | Reached *** piety under Nemelex Xobeh
  8297 | D:9      | Noticed a kobold demonologist
  8705 | D:9      | Reached skill level 5 in Stealth
  8802 | D:9      | Killed a kobold demonologist
  8803 | D:9      | Reached XP level 11. HP: 70/72 MP: 14/14
  8945 | D:9      | Reached skill level 15 in Ranged Weapons
  9064 | D:10     | Entered Level 10 of the Dungeon
  9162 | D:10     | Noticed an ogre mage
  9165 | D:10     | Killed an ogre mage
  9166 | D:10     | Identified the +4 shortbow of Exquisite Death {flame,
                  | rElec}
  9166 | D:10     | Noticed a skeletal warrior
  9195 | D:10     | You fall into a shaft and drop 1 floor!
  9671 | D:11     | Received a gift from Nemelex Xobeh
  9909 | D:11     | Reached **** piety under Nemelex Xobeh
 10082 | D:10     | Noticed a two-headed ogre
 10339 | D:11     | Received a gift from Nemelex Xobeh
 10340 | D:11     | Noticed a tengu warrior
 10437 | D:11     | Found an opulent altar of Gozag.
 10469 | D:11     | Noticed a tengu warrior
 10472 | D:11     | a tengu warrior changed into a redback
 10487 | D:11     | Killed a tengu warrior
 10587 | D:11     | Noticed a cyclops
 11066 | D:10     | Noticed an ogre mage
 11080 | D:10     | Killed an ogre mage
 11209 | D:9      | Reached skill level 16 in Ranged Weapons
 11457 | D:10     | Noticed a cyan ugly thing
 11463 | D:10     | Identified the -2 hand axe "Voegh" {pain, +Blink rElec
                  | Int-5}
 11601 | D:11     | Noticed a fire dragon
 11917 | D:7      | Killed Duvessa
 11918 | D:7      | Killed Dowan
 11972 | D:7      | Reached skill level 1 in Shields
 11972 | D:7      | Reached XP level 12. HP: 79/80 MP: 18/18
 11974 | D:7      | Reached skill level 1 in Armour
 11981 | D:7      | Reached skill level 1 in Evocations
 12071 | D:7      | Killed Joseph
 12257 | D:7      | Killed Prince Ribbit
 12524 | D:5      | Found a staircase to the Ecumenical Temple.
 12529 | Temple   | Entered the Ecumenical Temple
 13621 | D:10     | Killed a two-headed ogre
 13655 | D:10     | Received a gift from Nemelex Xobeh
 13954 | D:10     | Found a shadowy altar of Dithmenos.
 13997 | D:10     | Killed a skeletal warrior
 14170 | D:10     | Noticed a two-headed ogre
 14532 | D:10     | Found a glowing golden altar of the Shining One.
 14743 | D:11     | Killed a fire dragon
 15140 | Lair:1   | Entered Level 1 of the Lair of Beasts
 15353 | Lair:1   | Reached skill level 5 in Shields
 15354 | Lair:1   | Reached ***** piety under Nemelex Xobeh
 15407 | Lair:1   | Reached skill level 5 in Fighting
 15433 | Lair:1   | Received a gift from Nemelex Xobeh
 16505 | Lair:2   | Found a frozen archway.
 16519 | IceCv    | Entered an ice cave
 16535 | IceCv    | Reached XP level 13. HP: 66/92 MP: 19/19
 16620 | IceCv    | Found a transporter.
 16628 | IceCv    | Found a transporter.
 16655 | IceCv    | Reached skill level 5 in Armour
 16655 | IceCv    | Reached skill level 5 in Evocations
 16667 | IceCv    | Killed from afar by an ice statue

Illustrated notes

Levels and vault maps discovered:
D:1:      dpeg_arrival_tiny_f, layout_basic, ebering_ecumenical_altar_box,
          serial_co_window_serial, co_window_paths_a, co_window_corner_a,
          co_window_cross_1, co_window_paths_a, co_window_paths_b,
          co_window_paths_a, co_window_unsneaky_path_c, co_window_broadway_b,
          co_window_corner_cb, co_window_of_opportunity_b, co_window_2corner,
          co_window_corner_b, co_window_corner_cb, co_window_paths_e,
          glass_columns_a, glass_columns_c, glass_columns_a, glass_columns_c
D:2:      layout_basic, grunt_ministairs_13, uniq_terence, uniq_jessica
D:3:      layout_basic, nemelex_dance_club_becter, minmay_between, uniq_sigmund,
          uniq_ijyb
D:4:      layout_loops_ring, uniq_eustachio
D:5:      layout_basic, minmay_temple_entry_from_below_a
D:6:      layout_loops_ring, uniq_menkaure
D:7:      layout_basic, kennysheep_small_circle, uniq_prince_ribbit1,
          uniq_joseph, uniq_duvessa
D:8:      layout_loops_ring, serial_shops, shop, kennysheep_little_box, shop,
          nicolae_shop_statue_plus, shop
D:9:      nicolae_hitomezashi [nicolae_hito_row, nicolae_hito_row,
          nicolae_hito_row, nicolae_hito_row, nicolae_hito_row,
          nicolae_hito_row, nicolae_hito_row, nicolae_hito_row,
          nicolae_hito_row, nicolae_hito_row, nicolae_hito_row,
          nicolae_hito_row, nicolae_hito_row, nicolae_hito_row,
          nicolae_hito_row, nicolae_hito_row, nicolae_hito_row,
          nicolae_hito_row], layout_rooms, lair_entry_dummy
D:10:     minmay_the_grid_square_5x5_3x3 [minmay_the_grid_square_5x5_gyroscope,
          minmay_the_grid_square_5x5_moneybag, minmay_the_grid_square_5x5_lines,
          minmay_the_grid_square_5x5_spiral_small,
          minmay_the_grid_square_5x5_megaprize_crossed,
          minmay_the_grid_square_5x5_minimal,
          minmay_the_grid_square_5x5_checkered_sparse,
          minmay_the_grid_square_5x5_shrine1, minmay_the_grid_square_5x5_seven],
          layout_irregular_city, mainiacjoe_overflow_divided_tiny,
          minmay_ruffians
D:11:     dragon1_lemuel, layout_loops_ring, nicolae_gozag_seed_capital
Temple:   nicolae_temple_bog_church
Lair:1:   layout_hall_layers, grunt_megastairs_3
Lair:2:   minmay_guarded_unrand_snakebite, layout_cave_shapes,
          minmay_shoals_entry_beasts, portal_ice_cave_entry_pillars_1,
          grunt_megastairs_4, infiniplex_staircase_pool_2
IceCv:    ice_cave_statue_garden_transporter

Skill      XL: |  1  2  3  4  5  6  7  8  9 10 11 12 13 |
---------------+----------------------------------------+-----
Ranged Weapons | 5 6 7 9 11 12 14 16 | 16.0
Invocations    | 5 9 |  9.0
Stealth        | 5 6 8 |  8.0
Shields        | 1 5 6 |  6.3
Armour         | 4 5 |  5.0
Evocations     | 4 5 |  5.0
Fighting       | 5 |  5.8
Dodging        | |  1.7

Action                     |  1- 3 |  4- 6 |  7- 9 | 10-12 | 13-15 || total
---------------------------+-------+-------+-------+-------+-------++-------
  Melee: Shortbow          |       |       |     2 |       |       ||     2
         Unarmed           |       |       |       |     5 |       ||     5
   Fire: Shortbow          |    67 |   111 |   422 |   909 |    25 ||  1534
 Invoke: Renounce Religion |     1 |       |       |       |       ||     1
         Draw Destruction  |       |       |       |    14 |       ||    14
         Draw Summoning    |       |       |       |     3 |     2 ||     5
         Draw Escape       |       |       |       |     1 |       ||     1
         Stack Five        |       |       |       |     1 |       ||     1
         Draw Stack        |       |       |       |       |     3 ||     3
Ability: Dig               |     4 |       |       |       |       ||     4
         Shaft Self        |       |       |       |     1 |       ||     1
  Evoke: Wand              |       |       |       |     6 |       ||     6
    Use: Scroll            |       |     2 |    11 |    12 |       ||    25
         Potion            |       |       |       |     2 |     1 ||     3
   Stab: Paralysed         |       |       |       |     3 |       ||     3
 Armour: Leather armour    |     4 |     6 |    54 |    47 |       ||   111
         Skin              |       |       |       |     7 |       ||     7
         Ring mail         |       |       |       |    11 |     9 ||    20
  Dodge: Dodged            |    15 |    30 |   171 |   337 |     6 ||   559
  Block: Buckler           |       |       |    50 |   144 |     8 ||   202

Table legend: (Time is in decaauts)
 A = Elapsed time spent in this place.
 B = Non-inter-level travel time spent in this place.
 C = Inter-level travel time spent in this place.
 D = Time resting spent in this place.
 E = Time spent auto-exploring this place.
 F = Levels seen in this place.
 G = Mean time per level.
                   A        B        C        D        E       F      G
               +--------+--------+--------+--------+--------+-----+--------+
         Total |  16580 |  15148 |   1432 |   3538 |   8406 |  15 | 1105.3 |
       Dungeon |  15078 |  13679 |   1399 |   3355 |   7338 |  11 | 1370.7 |
        Temple |      1 |      1 |      0 |      0 |      0 |   1 |    1.0 |
          Lair |   1360 |   1328 |     32 |    108 |   1067 |   2 |  680.0 |
      Ice Cave |    139 |    139 |      0 |     75 |      1 |   1 |  139.0 |
               +--------+--------+--------+--------+--------+-----+--------+

Top non-repeatable levels by time:
    D:10: 2150 daAuts
    D:11: 2054 daAuts
     D:9: 1958 daAuts
     D:5: 1418 daAuts
     D:7: 1366 daAuts
  Lair:1: 1282 daAuts
     D:8: 1237 daAuts
     D:3: 1190 daAuts
     D:1: 1001 daAuts
     D:6: 996 daAuts
     D:2: 883 daAuts
     D:4: 821 daAuts
   IceCv: 139 daAuts
  Lair:2: 78 daAuts
  Temple: 1 daAuts
